 Dungeon Crawl Stone Soup version 0.25.1-2-g60ff931df9 (webtiles) character file.

Game seed: 3305668531460827644

55 Exodus22XD the Ducker (level 3, -6/27 HPs)
             Began as a Demonspawn Gladiator on Nov 8, 2020.
             Mangled by a gnoll
             ... wielding a +0 halberd
              (14 damage)
             ... on level 1 of the Dungeon.
             The game lasted 00:01:08 (1689 turns).

Exodus22XD the Ducker (Demonspawn Gladiator)        Turns: 1689, Time: 00:01:09

Health: -6/27      AC:  3    Str: 15    XL:     3   Next: 67%
Magic:  3/3        EV: 13    Int:  9    God:
Gold:   58         SH:  0    Dex: 14    Spells: 2/2 levels left

rFire    . . .     SeeInvis .   a - +0 trident
rCold    . . .     Gourm    .   (no shield)
rNeg     . . .     Faith    .   b - +0 leather armour
rPois    .         Spirit   .   (helmet restricted)
rElec    .         Reflect  .   (no cloak)
rCorr    .         Harm     .   (no gloves)
MR       .....                  (no boots)
Stlth    +.........             (no amulet)
HPRegen  0.09/turn              (no ring)
MPRegen  0.08/turn              (no ring)

@: no status effects
A: antennae 2
a: no special abilities


You were on level 1 of the Dungeon.
You were hungry.

You visited 1 branch of the dungeon, and saw 2 of its levels.

You collected 58 gold pieces.

Inventory:

Hand Weapons
 a - a +0 trident (weapon)
Missiles
 d - 3 throwing nets (quivered)
Armour
 b - a +0 leather armour (worn)
Scrolls
 c - a scroll of remove curse {unknown}
 e - 2 scrolls of amnesia {unknown}
 h - a scroll of fog {unknown}
 i - 3 scrolls of identify {unknown}
 k - 3 scrolls of teleportation {unknown}
Comestibles
 f - 2 rations


   Skills:
 + Level 2.1 Fighting
 + Level 3.2 Polearms
 - Level 1.7 Throwing
 + Level 1.0 Armour
 + Level 3.4 Dodging
 + Level 0.1 Stealth


You had 2 spell levels left.
You didn't know any spells.
Your spell library was empty.

Dungeon Overview and Level Annotations

Branches:
Dungeon (2/15)

Altars:


Innate Abilities, Weirdness & Mutations

You have a pair of antennae on your head.


Message History

The gnoll is heavily wounded.
The gnoll barely misses you.
You barely miss the gnoll.
The gnoll is heavily wounded.
The gnoll completely misses you.
You hit the gnoll but do no damage.
The gnoll is heavily wounded.
The gnoll barely misses you.
You hit the gnoll.
The gnoll is severely wounded.
The gnoll hits you with a +0 halberd!
You completely miss the gnoll.
The gnoll is severely wounded.
The gnoll hits you with a +0 halberd.
* * * LOW HITPOINT WARNING * * *
You completely miss the gnoll.
The gnoll is severely wounded.
The gnoll hits you with a +0 halberd!
Ouch! That really hurt!
You die...

###### #.#####...#
#....# #.## #....##.#.#
#.#### ##.## ####.##...#
#.# ###.## #.###.## #.#
# ##.# #.# #.# #.#
###.## #.###.# #.# ##.##
#.....# #.# #.##
#####.####.# #.#
####..)@......#
#.########.....g..###..#
#......................#
'.########.##.###.###.##
####### #.##.# #.# #.#
#.....####.##.###.###.#
#..........##......##.#
#.###.####.##.###..##.#
#.# #.# #.##.# #..##.#


You could see a gnoll.

Vanquished Creatures
  2 adders (D:2)
  A gnoll (D:1)
  2 dart slugs (D:1)
  A bat (D:1)
  2 giant cockroaches (D:1)
  3 goblins (D:1)
  3 hobgoblins
  3 jackals (D:1)
  2 frilled lizards (D:1)
  3 kobolds (D:1)
  2 rats
24 creatures vanquished.

Notes
Turn   | Place    | Note
-------+----------+-------------------------------------------
     0 | D:1      | Exodus22XD the Demonspawn Gladiator began the quest for the
                  | Orb.
     0 | D:1      | Reached XP level 1. HP: 16/16 MP: 1/1
   250 | D:1      | Gained mutation: You have a pair of small antennae on your
                  | head. [demonic ancestry]
   250 | D:1      | Reached XP level 2. HP: 16/22 MP: 2/2
   895 | D:2      | Gained mutation: You have a pair of antennae on your head.
                  | [demonic ancestry]
   895 | D:2      | Reached XP level 3. HP: 9/27 MP: 3/3
  1474 | D:1      | Reached skill level 1 in Armour
  1689 | D:1      | Mangled by a gnoll

Illustrated notes

Levels and vault maps discovered:
D:1:      co_arrival_random_square_maze, layout_loops_ring, minmay_ruptured
D:2:      layout_rooms, lemuel_doored_altar, led_sif_pool, hangedman_ru_absence,
          first_ration

Skill      XL: |  1  2  3 |
---------------+----------+-----
Dodging        | 3 |  3.4
Polearms       | 3 |  3.2
Armour         | 1 |  1.0
Fighting       | |  2.1
Throwing       | |  1.7
Stealth        | |  0.1

Action                   || total
-------------------------++-------
Melee: Trident           ||   108
  Use: Potion            ||     1
 Stab: Sleeping          ||     1
  Eat: Chunk             ||     2
Armor: Leather armour    ||    19
Dodge: Dodged            ||    84
